 Dungeon Crawl Stone Soup version 0.29-a0-653-gd47aff6735 (webtiles) character file.

Game seed: 11413073785942332336

31704 buh the Warrior (level 13, -5/105 HPs)
             Began as a Formicid Hunter on June 21, 2022.
             Was a Priest of Hepliaklqana.
             Killed by divine providence
             ... invoked by a smoke demon
             ... summoned by Frances
              (11 damage)
             ... on level 12 of the Dungeon.
             The game lasted 00:49:50 (15630 turns).

buh the Warrior (Formicid Hunter)                  Turns: 15630, Time: 00:49:51

Health: -5/105     AC: 10    Str: 17    XL:     13   Next: 98%
Magic:  22/22      EV: 17    Int:  9    God:    Hepliaklqana [***...]
Gold:   985        SH:  0    Dex: 21    Spells: 12/12 levels left

rFire   + . .      SeeInvis +   a - +8 hand crossbow (flame)
rCold   . . .      Faith    .   (no shield)
rNeg    . . .      Spirit   .   b - +0 leather armour
rPois   .          Reflect  .   (helmet unavailable)
rElec   .          Harm     .   x - +0 cloak
rCorr   .          Rampage  ∞   K - +0 pair of gloves
Will    +....                   y - +3 pair of seven-league boots {Rampage+∞}
Stlth   +++.......              I - amulet of regeneration
HPRegen 1.07/turn               P - ring of protection from fire
MPRegen 0.18/turn               s - ring of magical power

@: spiked
A: reduced essence, permanent stasis, dig shafts and tunnels, antennae 3, four
strong arms
a: Dig, Shaft Self, Renounce Religion, Recall Ancestor, Ancestor Identity,
Transference


You were on level 12 of the Dungeon.
You worshipped Hepliaklqana.
Hepliaklqana was most pleased with you.
You visited 2 branches of the dungeon, and saw 13 of its levels.
You also visited: Gauntlet and Ice Cave.

You collected 1258 gold pieces.
You spent 273 gold pieces at shops.

Inventory:

Hand Weapons
 a - a +8 hand crossbow of flaming (weapon)
 B - the +6 dagger of Juceim {vorpal, Dex+2}
   (You found it on level 3 of the Dungeon)

   It inflicts extra damage upon your enemies.
   Dex:       It affects your dexterity (+2).
 G - a +0 demon trident
 V - a +0 fustibalus of freezing
 W - a +0 triple sword of freezing
Missiles
 j - 4 curare-tipped darts
 N - 4 throwing nets
Armour
 b - a +0 leather armour (worn)
 l - a +1 pair of boots
 x - a +0 cloak (worn)
 y - the +3 pair of seven-league boots (worn) {Rampage+∞}
   (You found it on level 3 of the Dungeon)

   Its wearer moves as far as possible in that direction when moving towards
   enemies.
 K - a +0 pair of gloves (worn)
 T - a +1 robe of the Archmagi
 Y - a +2 scale mail of cold resistance
Magical Staves
 X - a staff of earth
Jewellery
 i - the amulet of Suspected Treachery {RegenMP Rampage rElec rPois Dex-4}
   (You found it in an ice cave)

   [amulet of magic regeneration]

   It increases your rate of magic regeneration.
   Dex:       It affects your dexterity (-4).
   rElec:     It insulates you from electricity.
   rPois:     It protects you from poison.
   Rampage:   It bestows one free step when moving towards enemies.
 k - a ring of positive energy
 p - a ring of ice
 s - a ring of magical power (right hand)
 I - an amulet of regeneration (around neck)
 L - a ring of fire
 M - a +4 ring of evasion
 P - a ring of protection from fire (left hand)
 S - a ring of ice
 Z - a ring of protection from cold
Wands
 H - a wand of iceblast (1)
 O - a wand of flame (22)
 R - a wand of polymorph (5)
 U - a wand of paralysis (4)
Scrolls
 c - 3 scrolls of immolation
 d - 6 scrolls of blinking
 f - 9 scrolls of teleportation
 n - 2 scrolls of magic mapping
 o - 4 scrolls of vulnerability
 t - 2 scrolls of fog
 v - 2 scrolls of amnesia
 w - a scroll of fear {unknown}
 A - a scroll of torment {unknown}
 Q - 4 scrolls of summoning {unknown}
Potions
 e - 2 potions of resistance
 g - 2 potions of cancellation
 h - 5 potions of attraction
 m - 5 potions of degeneration
 q - a potion of invisibility {unknown}
 r - a potion of ambrosia
 u - 2 potions of haste
 z - 2 potions of magic {unknown}
 C - 2 potions of berserk rage {unknown}
 D - 3 potions of brilliance {unknown}
 E - 3 potions of might {unknown}
 F - 4 potions of flight {unknown}
 J - 3 potions of lignification {unknown}


   Skills:
 - Level 16.1 Fighting
 - Level 14.0 Crossbows
 - Level 7.1 Armour
 * Level 8.3 Dodging
 - Level 4.0 Stealth


You had 12 spell levels left.
You didn't know any spells.
Your spell library contained the following spells:

 Spells                   Type           Power      Damage    Failure   Level
 Sting                    Tmut/Pois      0%         1d3       43%         1
 Ensorcelled Hibernation  Hex/Ice        0%         N/A       56%         2
 Poisonous Vapours        Pois/Air       0%         N/A       56%         2
 Static Discharge         Conj/Air       0%         N/A       56%         2
 Gell's Gravitas          Tloc           0%         N/A       80%         3
 Ignite Poison            Fire/Tmut/Pois 0%         N/A       80%         3
 Mephitic Cloud           Conj/Pois/Air  0%         N/A       80%         3
 Ozocubu's Armour         Ice            0%         N/A       80%         3
 Portal Projectile        Hex/Tloc       0%         N/A       80%         3
 Teleport Other           Tloc           0%         N/A       80%         3
 Tukima's Dance           Hex            0%         N/A       80%         3
 Hailstorm                Conj/Ice       0%         3d3       99%         4
 Ice Form                 Ice/Tmut       0%         N/A       99%         4
 Olgreb's Toxic Radiance  Pois           0%         N/A       99%         4
 Blade Hands              Tmut           0%         N/A       100%        5
 Freezing Cloud           Conj/Ice/Air   0%         6-21      100%        5
 Lightning Bolt           Conj/Air       0%         1d11      100%        5
 Dispersal                Tloc           0%         N/A       100%        6
 Maxwell's Capacitive Co  Air            0%         ∞         100%        8


Dungeon Overview and Level Annotations

Branches:
Dungeon (12/15)            Temple (1/1) D:6            Lair (0/6) D:8
    Orc (0/2) D:12          IceCv (visited)         Gauntlet (visited)

Altars:
Ashenzari
Cheibriados
Dithmenos
Elyvilon
Fedhas
Gozag
Hepliaklqana
Kikubaaqudgha
Makhleb
Nemelex Xobeh
Okawaru
Qazlal
Ru
Trog
Uskayaw
Vehumet
Wu Jian
Xom
Yredelemnul
Zin
Beogh

Shops:
D:3 *   D:7 :(*(

Annotations:
D:9 Erolcha
D:10 2 runed translucent doors
D:12 Frances


Innate Abilities, Weirdness & Mutations

Your life essence is reduced to manifest your ancestor. (-10% HP)
You cannot be hasted, slowed, berserked, paralysed or teleported.
You can dig through walls and to a lower floor.
You have a pair of large antennae on your head. (SInv)
Your four strong arms can wield two-handed weapons with a shield.


Message History

Press: ? - help, Q - select action, (/) - cycle Shift-Dir - straight line, f/p - Frances
Aim: Frances, wielding a +0 short sword and wearing a +0 leather armour (almost dead, fast, 78% to hit)
You shoot a bolt. The bolt hits Frances.
The bolt burns Frances.
Frances is almost dead.
Frances screams a word of power!
The red devil barely misses you. The smoke demon completely misses you.
The smoke demon barely misses you. x2; Frances closely misses you.
Shoot: a) +8 hand crossbow (flame)
Press: ? - help, Q - select action, (/) - cycle Shift-Dir - straight line, f/p - Frances
Aim: Frances, wielding a +0 short sword and wearing a +0 leather armour (almost dead, fast, 78% to hit)
You shoot a bolt. The bolt hits Frances.
The bolt burns Frances.
Frances is almost dead.
Frances hits you with a +0 short sword! The smoke demon misses you.
The smoke demon hits you but does no damage.
The smoke demon barely misses you.
The red devil hits you but does no damage.
The smoke demon gestures at you. Something smites you!
* * * LOW HITPOINT WARNING * * *
Unknown command.
Shoot: a) +8 hand crossbow (flame)
Press: ? - help, Q - select action, (/) - cycle Shift-Dir - straight line, f/p - Frances
Aim: Frances, wielding a +0 short sword and wearing a +0 leather armour (almost dead, fast, 78% to hit)
You shoot a bolt. The bolt barely misses Frances.
The bolt hits the smoke demon!
The bolt burns the smoke demon.
The smoke demon is moderately wounded.
Frances hits you with a +0 short sword!
* * * LOW HITPOINT WARNING * * *
The red devil hits you with a +0 demon trident of flaming!
* * * LOW HITPOINT WARNING * * *
Barbed spikes become lodged in your body.
The red devil burns you.
* * * LOW HITPOINT WARNING * * *
The smoke demon misses you.
The smoke demon hits you but does no damage.
The smoke demon closely misses you. The smoke demon gestures at you.
Something smites you!
You die...

#....######..@#.....##..##.##
#.......[.....#.######.#.#.##
##.#########.##.# ###...## #.#
#.##.# #...[# #.## #.##.#
##.#..# ##..## #.##.# #.##.##
###....# #3##.# ####.#####
#......# #@##.####..††#....
#......# #@4.........##..#.
#......# #3##.#............
#.....## #.##......(.......
#.....# #.####.........PP.
#.##.#########.## ####...#..P..
#...............######...##...^
##############.............#...
##.#######.##.#(##
##.#.......##.#.##


You could see Frances (fast), 2 smoke demons and a red devil (summoned).

Vanquished Creatures
  Gastronok (D:12)
  A frost giant (IceCv)
  Harold (D:9)
  A boulder beetle (D:11)
  2 two-headed ogres (D:9)
  Nergalle (D:12)
  An ugly thing (D:12)
  2 cyclopes (D:11)
  11 centaur zombies (D:11)
  An ice statue (IceCv)
  An unseen horror (D:12)
  A komodo dragon (D:12)
  A rime drake (IceCv)
  6 polar bears (IceCv)
  2 trolls
  2 hornets
  4 slime creatures (D:12)
  A meliai zombie (D:11)
  A vampire (D:10)
  4 shadows
  5 wyverns
  21 yaks
  A human (D:9)
  3 hogs (D:9)
  A steam dragon (D:10)
  6 vampire mosquitoes
  Menkaure (D:7)
  An acid dragon (D:10)
  2 water moccasins
  2 sky beasts
  2 black bears (D:6)
  5 orc warriors
  An ice beast (D:8)
  13 wolves (IceCv)
  2 ogres (D:5)
  3 centaurs
  2 phantoms (D:12)
  3 kobold brigands
  7 bullfrogs
  2 gnoll sergeants (D:7)
  A necrophage (D:5)
  3 scorpions (D:5)
  4 wights (D:9)
  A troll zombie (D:12)
  10 killer bees (D:9)
  4 howler monkeys
  A gnoll shaman (D:9)
  3 hounds
  3 jellies
  8 orc priests
  4 iguanas
  5 orc wizards
  2 ogre zombies (D:12)
  11 gnolls
  8 adders
  3 shadow imps
  10 white imps
  2 ufetubi
  2 worms
  2 dart slugs
  44 orcs
  8 bats
  7 endoplasms
  2 giant cockroaches
  6 goblins
  6 hobgoblins
  6 jackals
  3 quokkas
  7 ball pythons
  2 frilled lizards
  A goblin skeleton (D:12)
  A goblin zombie (D:12)
  2 hobgoblin skeletons (D:12)
  2 hobgoblin zombies (D:12)
  8 kobolds
  2 orc skeletons (D:12)
  6 orc zombies (D:12)
  5 rats
333 creatures vanquished.

Vanquished Creatures (collateral kills)
  An ugly thing (IceCv)
  2 cyclopes
  Maurice (D:9)
  Joseph (D:9)
  Psyche (D:10)
  4 polar bears (IceCv)
  A troll (D:12)
  A slime creature (D:11)
  A hog (D:9)
  A vampire (D:8)
  8 yaks
  A vampire mosquito (D:11)
  2 acid dragons
  An orc warrior (D:8)
  An ogre (D:9)
  7 wolves (IceCv)
  A centaur (D:9)
  A wight (D:9)
  A troll zombie (D:12)
  An orc wizard (D:8)
  An ogre zombie (D:12)
  A gnoll (D:9)
  6 white imps (D:12)
  6 orcs
  A goblin zombie (D:12)
  A kobold (D:8)
  An orc skeleton (D:12)
  2 orc zombies (D:12)
57 creatures vanquished.

Vanquished Creatures (others)
  A polar bear (IceCv)
  5 knights
  8 ancestors
  A plant (D:7)
15 creatures vanquished.

Grand Total: 405 creatures vanquished

Notes
Turn   | Place    | Note
-------+----------+-------------------------------------------
     0 | D:1      | buh the Formicid Hunter began the quest for the Orb.
     0 | D:1      | Reached XP level 1. HP: 16/16 MP: 1/1
   217 | D:1      | Reached XP level 2. HP: 22/22 MP: 2/2
   702 | D:2      | Reached XP level 3. HP: 27/27 MP: 3/3
  1177 | D:2      | Found a faded altar of an unknown god.
  1559 | D:3      | Noticed an ice beast
  1616 | D:3      | Reached skill level 5 in Crossbows
  1626 | D:3      | Found an iron altar of Okawaru.
  1683 | D:3      | Found an opulent altar of Gozag.
  1689 | D:3      | Found Gozag's Platinum Reserve.
  1734 | D:4      | Reached XP level 4. HP: 33/33 MP: 4/4
  2309 | D:3      | Reached XP level 5. HP: 38/38 MP: 5/5
  2455 | D:3      | You fall into a shaft and drop 3 floors!
  2479 | D:5      | Entered Level 5 of the Dungeon
  2840 | D:6      | Found a staircase to the Ecumenical Temple.
  2853 | D:6      | Noticed an orc warrior
  2857 | Temple   | Entered the Ecumenical Temple
  2953 | D:6      | Noticed a black bear
  2976 | D:6      | You fall into a shaft and drop 2 floors!
  3352 | D:7      | Noticed a water moccasin
  3352 | D:7      | Found Utiofunn's Assorted Antiques.
  3373 | D:7      | Reached XP level 6. HP: 44/44 MP: 6/6
  3796 | D:4      | Noticed an ogre
  3898 | D:5      | Reached XP level 7. HP: 24/50 MP: 7/7
  4994 | D:3      | Found the +3 pair of seven-league boots {Rampage+∞}
  5060 | D:3      | Identified the +6 dagger of Juceim {vorpal, Dex+2}
  5454 | D:4      | Found a snail-covered altar of Cheibriados.
  6338 | D:5      | Reached XP level 8. HP: 56/56 MP: 8/8
  6354 | D:5      | You fall into a shaft and drop 2 floors!
  6374 | D:7      | Found Aliniaw's Antique Weapon Shoppe.
  6414 | D:7      | Found Feqik's Weapon Shoppe.
  6445 | D:7      | Noticed a wyvern
  6451 | D:7      | Killed a wyvern
  6754 | D:7      | Bought a brown potion for 21 gold pieces
  6754 | D:7      | Bought a glowing emerald potion for 21 gold pieces
  6754 | D:7      | Bought a grey potion for 21 gold pieces
  6754 | D:7      | Bought a scroll labelled QINOEPUSOR for 24 gold pieces
  6754 | D:7      | Bought a dented soapstone amulet for 120 gold pieces
  6754 | D:7      | Bought a scroll labelled QINOEPUSOR for 24 gold pieces
  6754 | D:7      | Bought a coppery potion for 21 gold pieces
  6754 | D:7      | Bought a sapphire potion for 21 gold pieces
  6812 | D:7      | Identified the +5 rapier of Optimality {venom, rPois Int-3
                  | Stlth+}
  6925 | D:7      | Reached skill level 10 in Crossbows
  7126 | D:7      | Reached skill level 3 in Fighting
  7273 | D:7      | Reached skill level 4 in Fighting
  7273 | D:7      | Reached XP level 9. HP: 59/65 MP: 9/9
  7318 | D:7      | Noticed Menkaure
  7688 | D:7      | Killed Menkaure
  7762 | D:7      | Found Geeptuf's Book Emporium.
  7855 | D:7      | Reached skill level 5 in Fighting
  7895 | D:7      | Found a hazy altar of Hepliaklqana.
  7938 | D:7      | Found a faded altar of an unknown god.
  7946 | D:7      | Became a worshipper of Hepliaklqana the Forgotten
  8600 | D:8      | Reached skill level 6 in Fighting
  8921 | D:6      | Reached skill level 7 in Fighting
  8922 | D:6      | Found a bloodstained altar of Trog.
  9261 | D:8      | Found a staircase to the Lair.
  9285 | D:8      | You fall into a shaft and drop 3 floors!
  9306 | D:11     | Reached skill level 8 in Fighting
  9306 | D:11     | Reached XP level 10. HP: 67/82 MP: 10/10
  9307 | D:11     | Identified the +3 chain mail of Paiga {rCorr Str+2}
  9346 | D:11     | Reached skill level 9 in Fighting
  9351 | D:11     | Reached skill level 10 in Fighting
  9375 | D:11     | Found a gate leading to a gauntlet.
  9439 | Gauntlet | Entered a Gauntlet
  9439 | Gauntlet | Found a transporter.
  9452 | Gauntlet | Found a transporter.
  9455 | Gauntlet | Found a transporter.
  9456 | Gauntlet | Found a transporter.
  9458 | Gauntlet | Noticed a tengu warrior
  9467 | Gauntlet | Found a transporter.
  9468 | Gauntlet | Found a transporter.
  9476 | Gauntlet | Found a transporter.
  9477 | Gauntlet | Noticed a necromancer
  9479 | Gauntlet | Found a transporter.
  9480 | Gauntlet | Found a transporter.
  9484 | Gauntlet | Noticed an elephant
  9488 | Gauntlet | Found a transporter.
  9488 | Gauntlet | Noticed a dire elephant
  9491 | Gauntlet | Found a transporter.
  9492 | Gauntlet | Found a transporter.
  9494 | Gauntlet | Noticed a brown ugly thing
  9495 | Gauntlet | Noticed an elephant
  9498 | Gauntlet | Noticed a great orb of eyes
  9503 | Gauntlet | Found a transporter.
  9548 | Gauntlet | Found a transporter.
  9598 | D:11     | Reached skill level 11 in Fighting
  9638 | D:11     | Reached skill level 1 in Armour
  9694 | D:11     | Found a basalt altar of Yredelemnul.
  9742 | D:11     | Reached skill level 12 in Fighting
  9742 | D:11     | Reached XP level 11. HP: 65/95 MP: 11/11
  9799 | D:11     | Reached skill level 5 in Armour
  9861 | D:11     | Noticed a cyclops
  9975 | D:11     | Reached * piety under Hepliaklqana
 10273 | D:10     | Entered Level 10 of the Dungeon
 10364 | D:9      | Noticed Erolcha
 10455 | D:9      | Identified the +9 whip of the Hurtling Owl {freeze, Str+2}
 10479 | D:9      | Noticed a two-headed ogre
 10494 | D:9      | Killed a two-headed ogre
 10495 | D:9      | Reached skill level 13 in Fighting
 11017 | D:9      | Noticed Harold
 11066 | D:9      | Killed Harold
 11067 | D:9      | Reached XP level 12. HP: 73/95 MP: 12/12
 11295 | D:9      | Reached ** piety under Hepliaklqana
 11296 | D:9      | Remembered your ancestor Mettia as a knight
 11370 | D:9      | Noticed a two-headed ogre
 11370 | D:9      | Noticed Maurice
 11375 | D:9      | Killed a two-headed ogre
 11376 | D:9      | Reached skill level 14 in Fighting
 11380 | D:9      | Killed Maurice
 12575 | D:9      | Noticed Joseph
 12580 | D:9      | Killed Joseph
 12782 | D:10     | Found a blossoming altar of Fedhas.
 13032 | D:10     | Found a large runed translucent door.
 13033 | D:10     | Found a large runed translucent door.
 13214 | D:10     | Noticed Psyche
 13221 | D:10     | Killed Psyche
 13222 | D:10     | Reached skill level 15 in Fighting
 13562 | D:11     | Noticed a boulder beetle
 13610 | D:11     | Killed a boulder beetle
 13650 | D:11     | Reached *** piety under Hepliaklqana
 13975 | D:12     | Reached XP level 13. HP: 76/104 MP: 13/13
 14062 | D:12     | Found a frozen archway.
 14075 | IceCv    | Entered an ice cave
 14340 | IceCv    | Reached skill level 16 in Fighting
 14568 | IceCv    | Noticed a frost giant
 14592 | IceCv    | Killed a frost giant
 14615 | IceCv    | Reached skill level 5 in Dodging
 15015 | IceCv    | Got the Guide on Cold
 15020 | IceCv    | Identified the amulet of Suspected Treachery {RegenMP
                  | Rampage rElec rPois Dex-4}
 15214 | D:12     | Noticed Nergalle
 15220 | D:12     | Killed Nergalle
 15296 | D:12     | Noticed Gastronok
 15310 | D:12     | Killed Gastronok
 15362 | D:12     | Identified the +2 chain mail of Zarr {rN+ Dex+3}
 15380 | D:12     | Found a staircase to the Orcish Mines.
 15610 | D:12     | Noticed Frances
 15630 | D:12     | Killed from afar by a smoke demon

Illustrated notes

Levels and vault maps discovered:
D:1:      nicolae_arrival_somewhat_less_tricky_arrival, layout_loops_ring
D:2:      layout_loops_ring, nicolae_ecumenical_lake_church,
          kennysheep_generic_room_5
D:3:      layout_basic, old_standard_altar, nicolae_gozag_zags_fifth_avenue,
          hex_large
D:4:      layout_layer_cave, nicolae_overflow_crystal_walls,
          amcnicky_mini_corridor_feature
D:5:      layout_basic
D:6:      layout_basic, lightli_temple_of_fire,
          minmay_temple_entry_statues_fountains
D:7:      minmay_inner_zag, layout_basic, beargit_hepliaklqana_dungeon_heroes,
          serial_shops, nicolae_shop_overgrown_old_shop, shop,
          nicolae_shop_advertising_works [nicolae_subvault_shop_adworks],
          shop_coins, lemuel_another_geyser, uniq_menkaure
D:8:      layout_basic, lair_entry_dummy, nzn_life_drinkers
D:9:      layout_roguey [special_room_orc], grunt_livestock, grunt_ministairs_5,
          uniq_erolcha, uniq_joseph, uniq_maurice, uniq_harold
D:10:     layout_loops_cross, fedhas_altar_1, jmf_multi_god_temple2, uniq_psyche
D:11:     layout_basic, gauntlet_entry_generic, minivault_22,
          nicolae_yredelemnul_corpse_copse
D:12:     layout_loops_ring, zombieorc1_lemuel, portal_ice_cave_entry_imps,
          serial_park_tiny_1, uniq_gastronok, uniq_frances, uniq_nergalle
Temple:   jpeg_temple_clearing

Skill      XL: |  1  2  3  4  5  6  7  8  9 10 11 12 13 |
---------------+----------------------------------------+-----
Stealth        | 2 3 4 |  4.0
Crossbows      | 5 6 7 8 10 11 13 14 | 14.0
Fighting       | 4 8 12 13 15 16 | 16.1
Armour         | 4 7 |  7.1
Dodging        | 8 |  8.3

Action                   |  1- 3 |  4- 6 |  7- 9 | 10-12 | 13-15 || total
-------------------------+-------+-------+-------+-------+-------++-------
Melee: Hand crossbow     |       |       |     1 |       |     2 ||     3
 Fire: Hand crossbow     |    75 |   114 |   325 |   553 |   316 ||  1383
Invok: Recall Ancestor   |       |       |       |     3 |       ||     3
       Ancestor Life: Kn |       |       |       |     1 |       ||     1
       Transference      |       |       |       |       |     1 ||     1
 Abil: Dig               |     2 |       |       |       |       ||     2
       Shaft Self        |       |     2 |     1 |       |       ||     3
Evoke: Wand              |       |       |     3 |     7 |       ||    10
  Use: Scroll            |       |       |    15 |     3 |     5 ||    23
       Potion            |       |       |       |     7 |     5 ||    12
Armor: Leather armour    |     5 |    15 |    55 |   172 |    64 ||   311
Dodge: Dodged            |    10 |    58 |    90 |   222 |   128 ||   508

Table legend: (Time is in decaauts)
 A = Elapsed time spent in this place.
 B = Non-inter-level travel time spent in this place.
 C = Inter-level travel time spent in this place.
 D = Time resting spent in this place.
 E = Time spent auto-exploring this place.
 F = Levels seen in this place.
 G = Mean time per level.
                   A        B        C        D        E       F      G
               +--------+--------+--------+--------+--------+-----+--------+
         Total |  15762 |  14738 |   1024 |   2280 |   9052 |  15 | 1050.8 |
       Dungeon |  14437 |  13431 |   1006 |   2138 |   8327 |  12 | 1203.1 |
        Temple |     89 |     71 |     18 |      0 |     58 |   1 |   89.0 |
      Ice Cave |   1085 |   1085 |      0 |    142 |    552 |   1 | 1085.0 |
      Gauntlet |    149 |    149 |      0 |      0 |    114 |   1 |  149.0 |
               +--------+--------+--------+--------+--------+-----+--------+

Top non-repeatable levels by time:
     D:7: 2533 daAuts
     D:5: 1752 daAuts
     D:9: 1336 daAuts
    D:11: 1307 daAuts
     D:3: 1250 daAuts
     D:4: 1185 daAuts
   IceCv: 1085 daAuts
     D:8: 1074 daAuts
     D:6: 1012 daAuts
     D:2: 902 daAuts
    D:10: 746 daAuts
     D:1: 702 daAuts
    D:12: 633 daAuts
Gauntlet: 149 daAuts
  Temple: 89 daAuts
